 Zot Defence DCSS version 0.15.2 (webtiles) character file.

8 Mefis the Grasshopper (level 2, 0/1 (24) HPs)
             Began as a Ghoul Warper on May 1, 2016.
             Rotted away (a goblin)
             ... in the Realm of Zot (Scenario I: Hall of Zot).
             The game lasted 00:01:24 (237 turns).

Mefis the Grasshopper (Ghoul Warper)                 Turns: 237, Time: 00:01:26

HP   0/1 (24)    AC  3     Str 14      XL: 2   Next:  8%
MP   3/3         EV 11     Int  8      God:
Gold 0           SH  0     Dex  8      Spells:  1 memorised,  3 levels left

rFire  . . .     SeeInvis .       - Unarmed
rCold  + . .     Clarity  .     b - +0 leather armour
rNeg   + + +     rCorr    .     (no shield)
rPois  +         rRot     +     (no helmet)
rElec  .         Spirit   .     (no cloak)
SustAb .         Warding  .     (no gloves)
rMut   .         Stasis   .     (no boots)
Saprov + + +                    (no amulet)
MR     .....                    (no ring)
                                (no ring)

@: rotting, not resistant to hostile enchantments, very unstealthy
A: rotting body, claws 1, carnivore 3, cold resistance 1, negative energy
resistance 3, poison resistance, saprovore 3, slow healing 1, torment
resistance, unbreathing
a: Make oklob sapling


You were in the Realm of Zot.
You were not hungry.

You visited 1 branch

Inventory:

Missiles
 e - 5 tomahawks of dispersal (quivered)
Armour
 b - a +0 leather armour (worn)
Scrolls
 d - 2 scrolls of blinking
Potions
 a - 3 potions of curing
 f - a potion of heal wounds
 g - a potion of haste
 h - 2 potions of magic
Books
 c - a book of Spatial Translocations

   Spells                             Type                      Level
   *Apportation                       Translocation                1
   Blink                              Translocation                2
   Shroud of Golubria                 Charms/Translocation         2
   Portal Projectile                  Translocation                3
   Teleport Other                     Translocation                3
   Passage of Golubria                Translocation                4


   Skills:
 + Level 2.1 Fighting
 + Level 0.8 Throwing
 + Level 0.8 Armour
 + Level 1.9 Dodging
 + Level 2.4 Unarmed Combat
 + Level 1.8 Spellcasting
 + Level 2.9 Translocations


You had 3 spell levels left.
You knew the following spells:

 Your Spells              Type           Power        Failure   Level  Hunger
a - Apportation           Tloc           #.........   14%         1    ##.....


Dungeon Overview and Level Annotations

Branches:
    Zot (1/1)

Altars:


Innate Abilities, Weirdness & Mutations

Your body is rotting away.
You have sharp fingernails.
You are carnivorous and can eat meat at any time.
Your flesh is cold resistant.
You are immune to negative energy.
Your system is resistant to poisons.
You thrive on rotten meat.
You heal slowly when monsters are visible.
You are immune to unholy pain and torment.
You can survive without breathing.


Message History

You scratch the goblin.
You kill the goblin!
Your flesh rots away as the Orb of Zot is desecrated. x2
Your flesh rots away as the Orb of Zot is desecrated. x2
Your flesh rots away as the Orb of Zot is desecrated. x2
Your flesh rots away as the Orb of Zot is desecrated. x2
Your flesh rots away as the Orb of Zot is desecrated.
You scratch the goblin.
Your flesh rots away as the Orb of Zot is desecrated.
The goblin begins to bleed from its wounds!
Your flesh rots away as the Orb of Zot is desecrated.
The goblin is moderately wounded.
Your flesh rots away as the Orb of Zot is desecrated. x3
A kobold comes into view. It is wielding a dagger.
You closely miss the goblin.
Your flesh rots away as the Orb of Zot is desecrated.
The goblin is moderately wounded.
Your flesh rots away as the Orb of Zot is desecrated.
Ouch! That really hurt!
You die...

########## ######## .....####
####... ........### ###......
..........## ##........
...........# ▓▓▓▓▓▓▓▓▓ #.........
...........▓▓▓.......▓▓▓.........
...........▓▓.........▓▓.........
..........K▓)....g.....▓.........
................@g...............
...........▓...........▓.........
...........▓▓.........▓▓.........
...........▓▓▓.......▓▓▓.........
...........▓ ▓▓▓▓▓▓▓▓▓ ▓.........
..........▓▓ ▓▓........
........▓▓▓ ▓▓▓...... .....▓▓▓▓
▓▓▓▓... ▓▓▓▓▓▓▓▓▓ ▓▓▓▓▓▓▓


You could see 2 goblins and a kobold.

Vanquished Creatures
  An ooze (Zot)
  A giant cockroach (Zot)
  A goblin (Zot)
3 creatures vanquished.

Notes
Turn   | Place    | Note
--------------------------------------------------------------
     0 | Zot      | Mefis, the Ghoul Warper, began the quest for the Orb.
     0 | Zot      | Reached XP level 1. HP: 17/17 MP: 2/2
   231 | Zot      | Reached XP level 2. HP: 19/19 MP: 3/3
   237 | Zot      | Rotted away (a goblin)

Action                   || total
-------------------------++-------
Melee: Unarmed           ||    11
